AoeStats
← Der Kissenschlitzer von Salem

Arena

506061772Analyzed
1v1 RM · 20d ago on Sep 12, 2026· 36m 20s· 2 players
Game mode
Random Map
Map size
Tiny (2 player)
Population
200
Speed
Normal
Resources
Standard
Victory
Conquest
Starting age
Dark Age
Ending age
Imperial Age
RankedLock teamsTeams togetherTeam positionsShared explorationLock speedFull tech treeHidden civsTurbo modeCheats
Victory
Defeat
🇳🇱 Turks · Netherlands
1165
+15
1144
-15
Der Kissenschlitzer von Salem
9:53 Feudal Age
10:19 Double-Bit Axe
10:21 Horse Collar
19:08 Castle Age
17:10 Fletching
17:51 Padded Archer Armor
18:20 Scale Mail Armor
18:31 Arson
19:06 Forging
19:34 Crossbowman
20:18 Bodkin Arrow
21:47 Leather Archer Armor
22:12 Wheelbarrow
22:28 Chain Mail Armor
27:41 Iron Casting
32:04 Ballistics
r-b1999
11:59 Feudal Age
13:20 Double-Bit Axe
16:15 Castle Age
21:15 Imperial Age
20:40 Fletching
24:10 Padded Archer Armor
28:40 Loom
Connection lost

Rejoining the realm…

Still unreachable

The connection could not be restored.

Session expired

The server has moved on; the page needs a fresh start.